Map: Ciénaga EJ

Players

Azusa

  • Race: Zerg Zerg
  • League: Gold
  • Spawn Location: 5:00

Kinzark - Winner!

  • Race: Protoss Protoss
  • League: Platinum
  • Spawn Location: 11:00

VOD

Have the link to the VOD?

Description

Protoss OP xD
How stop the toss float?

Time

  • Played on: Jan. 25, 2018, 11:59 a.m.
  • Length: 18:59
Show
View Real Time Build Order
Export as new Build Order

Azusa Zerg 

Build Orders: Hatch First, Lurkers 

Get SALT Encoding   

  12  0:01  Drone  
  13  0:08  Drone  
  14  0:37  Hatchery  
  14  0:41  Drone  
  14  0:45  Overlord  
  14  1:06  Spawning Pool  
  14  1:09  Drone  
  14  1:11  Drone  
  15  1:27  Drone x2  
  17  1:36  Extractor  
  17  1:37  Drone  
  17  1:53  Zergling x4  
  19  1:55  Drone  
  19  1:57  Queen  
  19  1:58  Queen  
  24  2:06  Drone  
  24  2:07  Drone  
  26  2:20  Drone x2  
  28  2:29  Extractor, Overlord  
  27  2:31  Drone  
  28  2:53  Hatchery  
  27  3:08  Drone x8  
  33  3:27  Lair  
  33  3:35  Drone  
  33  3:36  Drone x2  
  36  3:44  Extractor, Overlord x3  
  35  3:56  Drone  
  36  4:05  Drone x6  
  36  4:06  Drone x3  
  36  4:08  Drone  
  46  4:11  Queen  
  48  4:20  Extractor  
  47  4:26  Hydralisk Den, Burrow  
  46  4:37  Overseer  
  46  4:39  Drone x2  
  46  4:40  Drone x7  
  46  4:41  Drone  
  55  4:57  Spore Crawler  
  51  5:08  Spore Crawler  
  51  5:09  Hydralisk  
  51  5:10  Hydralisk x5  
  62  5:18  Spore Crawler  
  62  5:20  Extractor  
  60  5:22  Extractor  
  60  5:24  Drone x2  
  60  5:25  Drone  
  60  5:26  Spire  
  61  5:44  Hydralisk x2  
  65  5:54  Hatchery  
  64  6:03  Lurker Den, Drone  
  64  6:05  Hydralisk  
  64  6:07  Overlord x4  
  66  6:24  Hydralisk  
  66  6:25  Hydralisk x5  
  78  6:33  Evolution Chamber  
  78  6:35  Evolution Chamber  
  78  6:39  Spore Crawler  
  75  6:43  Hydralisk x3  
  81  7:04  Hydralisk x2  
  81  7:05  Hydralisk x4  
  93  7:21  Nydus Network  
  92  7:41  Hydralisk x4  
  92  7:42  Hydralisk  
  102  8:06  Infestation Pit  
  102  8:09  Lurker x2  
  103  8:18  Drone  
  103  8:19  Overlord x2  
  104  8:20  Overlord x3  
  104  8:22  Zerg Flyer Weapons Level 1  
  104  8:49  Lurker x3  
  104  8:50  Lurker  
  108  8:56  Lurker  
  108  8:57  Zergling x10  
  108  8:58  Zergling x16  
  122  9:07  Zerg Missile Weapons Level 1  
  122  9:36  Overseer  
  119  10:04  Nydus Canal  
  111  10:10  Hydralisk x7  
  111  10:11  Hydralisk x4  
  81  10:53  Corruptor x4  
  81  10:54  Corruptor x5  
  99  11:10  Drone x8  
  92  11:33  Corruptor x3  
  98  11:42  Zerg Ground Armor Level 1  
  98  11:45  Muscular Augments  
  98  12:12  Hydralisk x4  
  98  12:13  Hydralisk x4  
  114  12:16  Hydralisk  
  116  12:32  Nydus Canal  
  78  13:05  Zerg Flyer Weapons Level 2  
  78  13:11  Mutalisk x4  
  78  13:12  Mutalisk x6  
  98  13:21  Extractor x2, Drone x4  
  100  13:37  Zerg Missile Weapons Level 2  
  100  13:38  Zerg Ground Armor Level 2  
  100  13:41  Hydralisk x2  
  104  13:51  Hydralisk x3  
  104  13:52  Hydralisk  
  112  14:02  Infestation Pit  
  111  14:10  Hive  
  101  14:42  Hydralisk x6  
  101  14:43  Hydralisk x5  
  123  15:06  Drone x7  
  123  15:07  Drone  
  131  15:26  Corruptor x2  
  135  15:29  Overlord x7  
  135  15:34  Zerg Flyer Armor Level 1  
  135  15:42  Spire  
  134  15:49  Drone x2  
  137  15:50  Drone x2  
  137  15:51  Drone  
  139  16:26  Hydralisk x5  
  139  16:27  Hydralisk x6  
  139  16:28  Hydralisk  
  163  16:57  Corruptor  
  163  16:58  Corruptor x3  
  171  17:45  Overseer  
  171  18:00  Hydralisk x3  
  171  18:01  Hydralisk x7  
  143  18:21  Hydralisk  
  143  18:22  Hydralisk x8  
  143  18:23  Hydralisk x5  
Show
View Real Time Build Order
Export as new Build Order

Kinzark Protoss - Winner!

Build Orders: 1 Gate Expand, Oracle Opening 

Get SALT Encoding   

  12  0:01  Probe (Chrono Boost)  
  13  0:10  Probe (Chrono Boost)  
  14  0:18  Probe  
  15  0:26  Pylon  
  15  0:35  Assimilator  
  15  0:44  Probe  
  16  0:52  Gateway  
  16  0:56  Probe  
  17  1:11  Probe  
  18  1:27  Probe  
  19  1:35  Nexus  
  19  1:53  Cybernetics Core  
  19  2:00  Forge  
  19  2:02  Probe  
  20  2:10  Pylon  
  20  2:14  Assimilator  
  20  2:17  Probe  
  21  2:39  Stalker, Photon Cannon  
  21  2:43  Probe  
  24  2:52  Stargate  
  24  2:55  Probe  
  25  3:08  Probe  
  26  3:20  Probe  
  27  3:31  Probe  
  27  3:32  Probe  
  29  3:37  Photon Cannon  
  29  3:39  Oracle (Chrono Boost)  
  29  3:48  Probe  
  33  4:00  Photon Cannon  
  33  4:02  Pylon  
  33  4:04  Probe  
  33  4:07  Probe  
  35  4:16  Void Ray  
  39  4:28  Probe  
  40  4:33  Assimilator  
  40  4:38  Assimilator  
  40  4:43  Probe  
  40  4:45  Stargate  
  41  4:47  Pylon  
  41  5:10  Probe  
  41  5:11  Probe  
  41  5:13  Void Ray  
  47  5:22  Probe (Chrono Boost)  
  48  5:29  Nexus  
  48  5:31  Probe (Chrono Boost)  
  48  5:34  Probe (Chrono Boost)  
  50  5:39  Probe (Chrono Boost)  
  50  5:40  Probe (Chrono Boost)  
  52  5:44  Probe (Chrono Boost)  
  52  5:48  Probe  
  54  5:55  Void Ray, Pylon  
  54  5:56  Probe  
  59  6:00  Probe  
  59  6:04  Stargate  
  60  6:05  Stargate, Protoss Air Weapons Level 1 (Chrono Boost)  
  60  6:12  Probe  
  61  6:19  Pylon  
  61  6:20  Probe  
  61  6:24  Probe  
  63  6:29  Assimilator  
  63  6:33  Probe, Assimilator  
  63  6:34  Void Ray  
  63  6:37  Probe  
  69  6:42  Probe  
  70  6:49  Probe (Chrono Boost)  
  70  6:53  Probe (Chrono Boost)  
  72  6:55  Probe (Chrono Boost)  
  74  7:02  Void Ray  
  74  7:06  Probe (Chrono Boost)  
  74  7:07  Probe (Chrono Boost)  
  80  7:09  Probe (Chrono Boost)  
  80  7:11  Probe (Chrono Boost)  
  80  7:14  Void Ray  
  85  7:15  Probe  
  85  7:20  Fleet Beacon  
  85  7:21  Probe  
  87  7:24  Cybernetics Core  
  87  7:28  Probe x2  
  89  7:33  Probe  
  90  7:50  Protoss Air Armor Level 1 (Chrono Boost)  
  90  7:51  Probe  
  91  7:59  Pylon  
  91  8:00  Probe  
  91  8:01  Pylon  
  92  8:10  Protoss Air Weapons Level 2 (Chrono Boost)  
  92  8:12  Probe  
  93  8:16  Carrier  
  93  8:18  Nexus  
  93  8:19  Void Ray  
  103  8:24  Pylon, Probe  
  103  8:26  Pylon  
  104  8:28  Pylon  
  104  8:36  Probe  
  104  8:39  Graviton Catapult  
  105  8:42  Carrier x2  
  117  8:50  Photon Cannon  
  117  8:51  Photon Cannon  
  117  8:55  Photon Cannon  
  117  8:56  Photon Cannon  
  117  9:02  Photon Cannon  
  117  9:13  Photon Cannon  
  117  9:14  Photon Cannon  
  117  9:15  Carrier  
  123  9:23  Protoss Shields Level 1  
  123  9:29  Twilight Council  
  123  9:31  Probe (Chrono Boost)  
  124  9:40  Probe (Chrono Boost)  
  125  9:45  Probe (Chrono Boost)  
  132  9:55  Protoss Air Armor Level 2  
  132  9:57  Probe  
  133  10:04  Carrier (Chrono Boost)  
  133  10:07  Assimilator  
  133  10:09  Probe  
  133  10:11  Assimilator  
  146  10:21  Probe  
  146  10:27  Carrier (Chrono Boost)  
  128  10:30  Carrier (Chrono Boost)  
  128  10:33  Probe  
  104  10:45  Probe  
  104  10:47  Oracle (Chrono Boost)  
  105  10:52  Probe  
  93  10:58  Probe  
  94  11:04  Probe  
  94  11:08  Protoss Air Weapons Level 3  
  94  11:10  Oracle (Chrono Boost), Probe  
  96  11:22  Probe  
  97  11:29  Nexus  
  97  11:34  Probe  
  97  11:35  Nexus, Pylon  
  97  11:36  Carrier  
  97  11:37  Pylon, Assimilator  
  104  11:46  Probe  
  105  11:52  Carrier  
  111  11:58  Probe (Chrono Boost)  
  112  12:10  Probe (Chrono Boost)  
  112  12:14  Protoss Shields Level 2  
  113  12:15  Probe (Chrono Boost)  
  113  12:22  Probe  
  115  12:24  Probe  
  116  12:34  Probe  
  116  12:37  Probe  
  114  12:46  Probe  
  114  12:58  Probe (Chrono Boost)  
  115  13:04  Probe (Chrono Boost)  
  116  13:07  Probe (Chrono Boost)  
  116  13:10  Probe (Chrono Boost)  
  116  13:12  Probe (Chrono Boost)  
  119  13:16  Carrier  
  119  13:17  Probe (Chrono Boost)  
  127  13:24  Probe (Chrono Boost)  
  127  13:26  Probe (Chrono Boost)  
  137  13:30  Mothership (Chrono Boost), Probe (Chrono Boost)  
  137  13:33  Protoss Air Armor Level 3  
  139  13:34  Probe (Chrono Boost)  
  139  13:35  Probe (Chrono Boost)  
  139  13:38  Probe (Chrono Boost)  
  139  13:39  Probe (Chrono Boost)  
  141  13:43  Probe  
  142  13:50  Probe  
  142  13:54  Assimilator  
  142  13:55  Probe  
  144  13:58  Photon Cannon  
  144  14:00  Photon Cannon  
  144  14:02  Probe  
  145  14:07  Photon Cannon, Probe  
  146  14:12  Photon Cannon  
  146  14:19  Probe  
  147  14:34  Pylon, Probe (Chrono Boost)  
  147  14:35  Probe (Chrono Boost)  
  148  14:45  Probe (Chrono Boost)  
  149  14:50  Probe x2 (Chrono Boost)  
  151  14:55  Carrier  
  151  14:57  Carrier  
  163  15:01  Protoss Shields Level 3 (Chrono Boost), Probe  
  163  15:02  Probe  
  165  15:13  Probe  
  167  15:14  Probe  
  167  15:22  Nexus  
  167  15:25  Probe  
  168  15:31  Pylon  
  168  15:32  Pylon  
  168  15:34  Pylon  
  168  15:36  Pylon  
  168  15:37  Probe  
  169  15:49  Pylon, Carrier (Chrono Boost)  
  175  15:50  Pylon  
  175  15:52  Photon Cannon  
  175  15:53  Photon Cannon  
  175  15:55  Photon Cannon  
  175  15:56  Photon Cannon  
  175  15:57  Pylon  
  175  15:58  Photon Cannon  
  175  15:59  Photon Cannon  
  175  16:02  Pylon  
  175  16:04  Pylon  
  175  16:05  Carrier (Chrono Boost)  
  181  16:25  Assimilator  
  181  16:27  Assimilator  
  181  16:29  Photon Cannon  
  181  16:31  Photon Cannon  
  181  16:35  Carrier (Chrono Boost)  
  181  16:37  Carrier (Chrono Boost)  
  193  17:12  Oracle (Chrono Boost)  
  196  17:22  Oracle (Chrono Boost)  
  196  17:27  Photon Cannon  
  196  17:28  Photon Cannon  
Tags
 
Add a new tag
Caveats
  • Supply blocks, unpowered buildings, or Contaminate may cause inaccurate times.
  • Supply counts are checked every 10 seconds.